Map: Frozen Temple

Players

GeMüSe

  • Race: Protoss Protoss
  • League: Master

FinnsoN - Winner!

  • Race: Terran Terran
  • League: Master

VOD

Have the link to the VOD?

Description

Time

  • Played on: July 10, 2016, 12:32 p.m.
  • Length: 4:41
Show
View Real Time Build Order
Export as new Build Order

GeMüSe Protoss 

Build Orders:  

Get SALT Encoding   

  12  0:01  Probe (Chrono Boost)  
  13  0:11  Probe (Chrono Boost)  
  14  0:18  Pylon  
  14  0:23  Probe (Chrono Boost)  
  15  0:37  Probe (Chrono Boost)  
  15  0:41  Gateway  
  16  0:44  Assimilator  
  16  0:48  Probe (Chrono Boost)  
  17  0:59  Probe (Chrono Boost)  
  18  1:10  Pylon  
  18  1:12  Probe (Chrono Boost)  
  19  1:23  Probe (Chrono Boost)  
  20  1:29  Cybernetics Core  
  20  1:34  Assimilator  
  20  1:41  Gateway  
  20  1:46  Gateway  
  20  1:50  Probe (Chrono Boost)  
  22  2:06  Stalker (Chrono Boost), Mothership Core (Chrono Boost)  
  25  2:26  Probe  
  26  2:32  Stalker (Chrono Boost)  
  30  2:55  Pylon  
  30  2:59  Stalker (Chrono Boost)  
  30  3:18  Stalker x2 (Chrono Boost)  
  34  3:25  Stalker (Chrono Boost)  
  34  3:39  Pylon  
  34  3:40  Pylon  
  34  3:44  Stalker (Chrono Boost)  
  34  3:47  Stalker (Chrono Boost)  
  38  3:55  Pylon  
  38  4:14  Stalker (Chrono Boost)  
Show
View Real Time Build Order
Export as new Build Order

FinnsoN Terran - Winner!

Build Orders:  

Get SALT Encoding   

  12  0:00  SCV  
  13  0:12  SCV  
  14  0:17  Supply Depot  
  14  0:24  SCV  
  15  0:39  SCV  
  15  0:41  Barracks  
  16  0:44  Refinery  
  16  0:51  SCV  
  17  1:03  SCV  
  18  1:15  SCV  
  19  1:28  Orbital Command  
  19  1:29  Barracks Reactor  
  19  1:45  Command Center  
  19  1:56  SCV  
  19  2:00  Supply Depot  
  20  2:05  Marine x2  
  22  2:11  Factory  
  22  2:16  SCV  
  23  2:24  Marine  
  23  2:27  Marine  
  23  2:29  Bunker  
  24  2:32  SCV  
  25  2:42  Marine  
  27  2:44  SCV  
  27  2:45  Marine  
  27  2:50  Engineering Bay  
  28  2:56  SCV  
  29  3:00  Marine, Orbital Command  
  30  3:05  Marine  
  30  3:13  SCV  
  30  3:16  Widow Mine  
  33  3:25  SCV  
  34  3:29  SCV  
  34  3:33  Marine x2  
  37  3:36  Starport  
  37  3:40  SCV  
  38  3:46  SCV  
  39  3:49  Widow Mine  
  41  3:56  SCV  
  41  3:57  Bunker  
  41  4:00  Supply Depot  
  42  4:06  SCV  
  42  4:09  Marine  
  43  4:14  SCV  
  45  4:18  Marine  
  45  4:21  SCV  
  45  4:23  Supply Depot  
  45  4:24  Supply Depot  
Tags
 
Add a new tag
Caveats
  • Supply blocks, unpowered buildings, or Contaminate may cause inaccurate times.
  • Supply counts are checked every 10 seconds.